AoeStats
← 111111

Nomad

508567823Analyzed
4v4 RM · 10d ago on Sep 23, 2026· 33m 25s· 8 players
Game mode
Random Map
Map size
231×231
Population
200
Speed
Normal
Resources
Standard
Victory
Conquest
Starting age
Dark Age
Ending age
Imperial Age
RankedLock teamsTeams togetherTeam positionsShared explorationLock speedFull tech treeHidden civsTurbo modeCheats
Victory
Defeat
🇨🇱 Persians · Chile
1325
+15
🇦🇷 Britons · Argentina
1322
+15
🇨🇳 Koreans · China
1311
+16
🇧🇷 Wu · Brazil
1306
+16
🇲🇽 Mongols · Mexico
1356
-17
🇦🇷 Persians · Argentina
1310
-16
🇲🇽 Danes · Mexico
1295
-15
🇨🇳 Vietnamese · China
1279
-14
Mionel Lessi
5:11 Loom
18:41 Feudal Age
20:35 Double-Bit Axe
25:18 Castle Age
23:38 Horse Collar
31:52 Fletching
32:41 Town Watch
gatuzo
9:35 Loom
12:19 Feudal Age
12:52 Gold Mining
18:55 Castle Age
16:58 Fishing Lines
18:02 Double-Bit Axe
20:31 Bow Saw
21:00 Forging
20:58 Gillnets
21:19 Town Watch
21:43 Horse Collar
22:39 Heavy Plow
25:35 Wheelbarrow
26:05 Bloodlines
26:04 Stone Mining
26:21 Husbandry
28:08 Scale Barding Armor
30:43 Gold Shaft Mining
33:25 Imperial Age
33:47 Hand Cart
33:26 Fletching
CNZS_溪超
3:13 Loom
15:20 Feudal Age
17:12 Double-Bit Axe
19:47 Castle Age
23:44 Scale Mail Armor
24:06 Horse Collar
25:29 Wheelbarrow
30:08 Chain Mail Armor
31:27 Heavy Plow
31:37 Arson
32:23 Town Watch
32:53 Squires
34:04 Forging
TanjiroK
5:35 Loom
13:14 Feudal Age
14:29 Town Watch
18:08 Castle Age
16:43 Double-Bit Axe
19:07 Wheelbarrow
26:31 Imperial Age
24:01 Fletching
25:10 Bodkin Arrow
26:08 Padded Archer Armor
27:35 Ballistics
27:37 Bracer
32:28 Chemistry
33:13 Leather Archer Armor
33:43 Conscription
El cochi
3:34 Loom
14:21 Feudal Age
15:21 Double-Bit Axe
24:04 Castle Age
victorH
5:18 Loom
13:21 Feudal Age
18:45 Castle Age
17:01 Double-Bit Axe
20:12 Bow Saw
23:32 Horse Collar
28:15 Scale Mail Armor
29:40 Chain Mail Armor
30:54 Forging
111111
6:00 Loom
24:45 Feudal Age
25:20 Double-Bit Axe
25:27 Gold Mining
25:28 Stone Mining
28:36 Castle Age
26:21 Horse Collar
27:55 Town Watch
30:12 Wheelbarrow
29:55 Bow Saw
29:48 Heavy Plow
小明
5:54 Loom
16:04 Feudal Age
20:26 Castle Age
19:38 Double-Bit Axe
20:02 Fletching
20:13 Padded Archer Armor
20:13 Stone Mining
20:14 Gold Mining
21:11 Bodkin Arrow
21:31 Medium Warships
25:05 Bow Saw
28:06 Leather Archer Armor
35:54 Imperial Age
Connection lost

Rejoining the realm…

Still unreachable

The connection could not be restored.

Session expired

The server has moved on; the page needs a fresh start.